General information
- name: BNet
- type: Ladder team game (AT/RT)
- host: Battle.net
- saver: Bromeister
map: GnollWood
- players: 6
- length: 29:08
- speed: Fast
- version: 1.26 W3XP
- replay type: Public
» download(173 KB)
Players
team 1 (winner)
nooobs_life (
blue | 136 APM | 3940 actions | 29:00)
6 Blademaster
3 Wind Walk
2 Critical Strike
1 Bladestorm
3 Shadow Hunter
2 Healing Wave
1 Hex
3 Tauren Chieftain
1 Shockwave
2 Endurance Aura
» actions
| Assign group hotkey | 33 | |
| Basic commands | 324 | |
| Build / train | 84 | |
| ESC pressed | 3 | |
| Enter build submenu | 36 | |
| Enter hero's abilities submenu | 12 | |
| Give item / drop item | 6 | |
| Right click | 1702 | |
| Select / deselect | 359 | |
| Select group hotkey | 1208 | |
| Use ability | 173 | |
3940 total
» units
| Peon | 11 | |
| Grunt | 8 | |
| Troll Batrider | 13 | |
| Tauren | 1 | |
| Kodo Beast | 1 | |
34 total
» upgrades
| Berserker Strength | 1 | |
| Reinforced Defenses | 1 | |
2 total
» buildings
| Altar of Storms | 1 | |
| Orc Burrow | 8 | |
| Voodoo Lounge | 2 | |
| Barracks | 1 | |
| Stronghold | 1 | |
| War Mill | 1 | |
| Fortress | 1 | |
| Watch Tower | 15 | |
| Beastiary | 3 | |
| Tauren Totem | 1 | |
| Great Hall | 2 | |
36 total
» build order
00:08 Altar of Storms
00:12 Orc Burrow
00:51 Voodoo Lounge
01:27 Barracks
01:53 Orc Burrow
02:49 Orc Burrow
05:40 Stronghold
07:24 War Mill
08:25 Orc Burrow
08:34 Fortress
08:41 Watch Tower
08:43 Watch Tower
08:46 Beastiary
08:53 Watch Tower
09:24 Watch Tower
09:58 Orc Burrow
10:27 Voodoo Lounge
13:48 Tauren Totem
14:07 Orc Burrow
14:26 Watch Tower
15:27 Beastiary
18:23 Beastiary
20:54 Great Hall
21:09 Orc Burrow
22:15 Watch Tower
23:02 Great Hall
23:05 Watch Tower
23:06 Watch Tower
23:07 Watch Tower
25:08 Watch Tower
25:09 Watch Tower
25:16 Watch Tower
25:21 Orc Burrow
25:37 Watch Tower
26:25 Watch Tower
26:50 Watch Tower
» items
| Healing Salve | 7 | |
| Circlet of Nobility | 2 | |
| Boots of Speed | 1 | |
| Potion of Healing | 2 | |
| Lesser Clarity Potion | 6 | |
| Orb of Lightning | 4 | |
| Scroll of Town Portal | 5 | |
| Periapt of Vitality | 1 | |
| Potion of Lesser Invulnerability | 1 | |
29 total
Bromeister (
purple | 79 APM | 2297 actions | 29:08)
3 Keeper of the Grove
1 Force of Nature
2 Entangling Roots
» actions
| Assign group hotkey | 39 | |
| Basic commands | 4 | |
| Build / train | 83 | |
| Enter build submenu | 44 | |
| Enter hero's abilities submenu | 3 | |
| Remove unit from queue | 11 | |
| Right click | 1237 | |
| Select / deselect | 476 | |
| Select group hotkey | 261 | |
| Use ability | 139 | |
2297 total
» units
| Wisp | 34 | |
| Hippogryph | 6 | |
| Chimaera | 13 | |
| Forest Troll Shadow Priest | 1 | |
| Mud Golem | 1 | |
55 total
» upgrades
| Ultravision | 1 | |
| Strength of the Wild | 1 | |
| Nature's Blessing | 1 | |
| Reinforced Hides | 1 | |
| Corrosive Breath | 1 | |
5 total
» buildings
| Hunter's Hall | 2 | |
| Moon Well | 12 | |
| Altar of Elders | 1 | |
| Ancient Protector | 11 | |
| Ancient of Wonders | 2 | |
| Tree of Ages | 2 | |
| Tree of Life | 2 | |
| Ancient of Wind | 1 | |
| Tree of Eternity | 1 | |
| Chimaera Roost | 4 | |
38 total
» build order
00:10 Hunter's Hall
00:39 Moon Well
02:02 Altar of Elders
02:20 Ancient Protector
02:41 Ancient Protector
02:44 Ancient Protector
03:00 Ancient Protector
03:34 Moon Well
04:32 Ancient Protector
04:35 Ancient of Wonders
04:49 Ancient Protector
05:35 Tree of Ages
05:47 Ancient Protector
08:26 Tree of Life
08:33 Tree of Life
08:48 Ancient of Wind
08:51 Tree of Eternity
08:54 Ancient Protector
11:19 Chimaera Roost
11:22 Chimaera Roost
11:31 Chimaera Roost
11:35 Chimaera Roost
12:16 Moon Well
12:21 Moon Well
12:28 Moon Well
13:15 Ancient Protector
13:20 Ancient Protector
13:33 Ancient of Wonders
14:48 Moon Well
14:52 Moon Well
14:59 Moon Well
15:17 Hunter's Hall
16:06 Moon Well
16:18 Moon Well
16:23 Moon Well
16:37 Ancient Protector
27:17 Tree of Ages
27:22 Moon Well
» items
| Potion of Lesser Invulnerability | 2 | |
| Potion of Invisibility | 1 | |
| Boots of Speed | 1 | |
| Staff of Teleportation | 1 | |
| Scroll of Healing | 1 | |
6 total
DubbwithKP (
red | 48 APM | 1400 actions | 29:00)
5 Blademaster
3 Wind Walk
2 Critical Strike
» actions
| Assign group hotkey | 9 | |
| Build / train | 77 | |
| Enter build submenu | 30 | |
| Enter hero's abilities submenu | 5 | |
| Remove unit from queue | 2 | |
| Right click | 823 | |
| Select / deselect | 329 | |
| Select group hotkey | 35 | |
| Use ability | 90 | |
1400 total
» units
| Peon | 15 | |
| Grunt | 10 | |
| Raider | 8 | |
| Troll Batrider | 8 | |
41 total
» upgrades
| Melee Weapons | 3 | |
| Armor | 2 | |
| Ensnare | 1 | |
| Liquid Fire | 1 | |
| Ranged Weapons | 2 | |
9 total
» buildings
| Altar of Storms | 1 | |
| Barracks | 1 | |
| Orc Burrow | 6 | |
| Voodoo Lounge | 3 | |
| War Mill | 1 | |
| Watch Tower | 14 | |
| Stronghold | 2 | |
| Fortress | 1 | |
| Beastiary | 2 | |
| Great Hall | 1 | |
32 total
» build order
00:05 Altar of Storms
00:12 Barracks
00:32 Orc Burrow
01:34 Voodoo Lounge
01:57 Orc Burrow
03:25 War Mill
04:19 Orc Burrow
05:10 Watch Tower
05:13 Orc Burrow
06:13 Voodoo Lounge
07:33 Watch Tower
08:22 Watch Tower
08:30 Watch Tower
08:42 Orc Burrow
09:14 Stronghold
09:15 Stronghold
09:32 Orc Burrow
10:42 Watch Tower
11:02 Watch Tower
11:07 Watch Tower
12:15 Fortress
12:20 Watch Tower
12:23 Watch Tower
12:26 Voodoo Lounge
14:37 Beastiary
14:45 Watch Tower
14:48 Watch Tower
14:50 Watch Tower
15:23 Beastiary
15:58 Watch Tower
20:54 Great Hall
22:24 Watch Tower
» items
| Healing Salve | 3 | |
| Lesser Clarity Potion | 2 | |
| Scroll of Town Portal | 4 | |
| Orb of Lightning | 1 | |
| Potion of Healing | 4 | |
| Potion of Mana | 2 | |
16 total
team 2 (loser)

»
5stacksofnef (
green | 79 APM | 2287 actions | 28:59)
5 Far Seer
2 Feral Spirit
3 Chain Lighting
5 Shadow Hunter
2 Hex
3 Healing Wave
2 Blademaster
1 Wind Walk
1 Critical Strike
» actions
| Assign group hotkey | 46 | |
| Basic commands | 194 | |
| Build / train | 118 | |
| ESC pressed | 4 | |
| Enter build submenu | 38 | |
| Enter hero's abilities submenu | 14 | |
| Give item / drop item | 2 | |
| Right click | 898 | |
| Select / deselect | 625 | |
| Select group hotkey | 142 | |
| Use ability | 206 | |
2287 total
» units
| Peon | 25 | |
| Grunt | 4 | |
| Shaman | 9 | |
| Wind Rider | 10 | |
| Tauren | 6 | |
| Troll Batrider | 9 | |
63 total
» upgrades
| Shaman Training | 2 | |
| Pulverize | 1 | |
| Armor | 1 | |
| Reinforced Defenses | 2 | |
| Envenomed Spears | 1 | |
| Liquid Fire | 1 | |
8 total
» buildings
| Altar of Storms | 1 | |
| Orc Burrow | 14 | |
| Barracks | 2 | |
| Stronghold | 1 | |
| Voodoo Lounge | 3 | |
| Fortress | 3 | |
| Spirit Lodge | 1 | |
| War Mill | 2 | |
| Beastiary | 4 | |
| Tauren Totem | 3 | |
| Watch Tower | 1 | |
35 total
» build order
00:10 Altar of Storms
00:25 Orc Burrow
00:36 Barracks
01:34 Orc Burrow
02:52 Stronghold
03:21 Voodoo Lounge
04:03 Orc Burrow
05:28 Fortress
05:31 Spirit Lodge
06:03 War Mill
06:06 War Mill
07:01 Beastiary
07:59 Beastiary
08:03 Beastiary
08:04 Orc Burrow
08:19 Tauren Totem
08:20 Tauren Totem
08:33 Orc Burrow
09:52 Orc Burrow
10:15 Orc Burrow
12:05 Barracks
12:06 Beastiary
12:08 Orc Burrow
13:33 Orc Burrow
16:10 Orc Burrow
16:34 Fortress
16:35 Fortress
18:45 Orc Burrow
19:20 Orc Burrow
19:57 Watch Tower
20:09 Orc Burrow
20:13 Tauren Totem
27:41 Voodoo Lounge
27:46 Orc Burrow
27:49 Voodoo Lounge
» items
| Dust of Appearance | 2 | |
| Healing Salve | 5 | |
| Scroll of Speed | 4 | |
| Tiny Great Hall | 3 | |
| Lesser Clarity Potion | 1 | |
| Potion of Healing | 2 | |
| Scroll of Healing | 1 | |
| Potion of Lesser Invulnerability | 2 | |
20 total
WarCry666 (
yellow | 65 APM | 529 actions | 08:07)
1 Mountain King
1 Storm Bolt
1 Paladin
1 Divine Shield
» actions
| Assign group hotkey | 14 | |
| Basic commands | 4 | |
| Build / train | 28 | |
| Enter build submenu | 10 | |
| Enter hero's abilities submenu | 4 | |
| Remove unit from queue | 2 | |
| Right click | 242 | |
| Select / deselect | 126 | |
| Select group hotkey | 78 | |
| Use ability | 21 | |
529 total
» units
» buildings
| Altar of Kings | 1 | |
| Farm | 4 | |
| Barracks | 1 | |
| Lumber Mill | 1 | |
| Scout Tower | 2 | |
| Keep | 1 | |
| Guard Tower | 2 | |
| Arcane Vault | 1 | |
13 total
» build order
00:49 Altar of Kings
01:05 Farm
01:19 Farm
01:45 Barracks
01:54 Lumber Mill
02:46 Farm
03:33 Scout Tower
03:36 Keep
04:04 Guard Tower
04:08 Scout Tower
04:26 Arcane Vault
04:42 Guard Tower
04:47 Farm
» items
| Scroll of Regeneration | 2 | |
| Lesser Clarity Potion | 1 | |
| Potion of Healing | 2 | |
5 total
bmx300 (
pink | 47 APM | 372 actions | 07:50)
2 Blademaster
1 Wind Walk
1 Critical Strike
» actions
| Assign group hotkey | 6 | |
| Basic commands | 2 | |
| Build / train | 26 | |
| Enter build submenu | 12 | |
| Enter hero's abilities submenu | 2 | |
| Right click | 141 | |
| Select / deselect | 93 | |
| Select group hotkey | 73 | |
| Use ability | 17 | |
372 total
» units
» upgrades
» buildings
| Orc Burrow | 3 | |
| Altar of Storms | 1 | |
| Barracks | 1 | |
| War Mill | 1 | |
| Voodoo Lounge | 1 | |
| Watch Tower | 4 | |
| Stronghold | 1 | |
12 total
» build order
00:27 Orc Burrow
00:43 Altar of Storms
01:06 Barracks
01:26 War Mill
01:44 Voodoo Lounge
01:56 Orc Burrow
02:45 Watch Tower
04:27 Orc Burrow
04:50 Watch Tower
05:24 Stronghold
05:46 Watch Tower
06:00 Watch Tower
» items
| Healing Salve | 2 | |
| Scroll of Speed | 1 | |
| Dust of Appearance | 1 | |
| Scroll of Town Portal | 1 | |
5 total
Chat log
(00:22 / Allies) Bromeister: baclk odor
(00:23 / Allies) DubbwithKP: get em
(00:27 / Allies) DubbwithKP: hate this map
(00:29 / Allies) Bromeister: im rank 8
(00:31 / Allies) Bromeister: mass units
(00:43 / Allies) Bromeister: mass grunts
(00:45 / Allies) Bromeister: for gg
(00:47 / Allies) DubbwithKP: k
(00:49 / Allies) Bromeister: mass gruntapult
(00:52 / Allies) Bromeister: just grunts
(01:07 / Allies) Bromeister: far seer if they werent NE, otherwise BM?
(01:26 / Allies) Bromeister: come support with healing salve ifpossible too
(01:31 / Allies) Bromeister: plan is im gona backdoor
(01:45 / Allies) Bromeister: this is backdoor map
(01:51 / Allies) Bromeister: im gona eat trees
(02:14 / Allies) Bromeister: godlwood
(02:28 / Allies) Bromeister: birth of johnny
(02:30 / Allies) Bromeister: just mass grunts
(02:32 / Allies) Bromeister: we have lotta time
(02:37 / Allies) Bromeister: lol just mass like shitload
(03:16 / Allies) Bromeister: im ranked 8 btw so im pro
(03:17 / Allies) Bromeister: lol
(03:22 / Allies) Bromeister: just help good :)
(03:52 / Allies) Bromeister: lol
(03:59 / Allies) Bromeister: i will dig
(04:02 / Allies) Bromeister: just harass/creep
(04:19 / Allies) Bromeister: dont lead them
(04:20 / Allies) Bromeister: to tunnel tho
(04:23 / Allies) Bromeister: its stealth
(04:52 / Allies) Bromeister: dude dont
(04:53 / Allies) Bromeister: wtf
(04:55 / Allies) Bromeister: blue
(04:56 / Allies) Bromeister: sigh
(04:58 / Allies) Bromeister: wtf
(05:03 / Allies) Bromeister: i todl u clearly
(05:05 / Allies) Bromeister: not to drag them
(05:06 / Allies) Bromeister: here
(05:56 / Allies) DubbwithKP: gj
(06:10 / All) Bromeister: LO
(06:31 / All) 5stacksofnef: SAD newbies
(06:33 / All) 5stacksofnef: BOTH OF THEM
(06:41 / All) Bromeister: LOL
(07:07 / All) Bromeister: LOL
(07:09 / All) Bromeister: LOL
(07:39 / All) Bromeister: GG LOL
(07:43 / All) Bromeister: LULZ GAME
(07:53 / All) Bromeister: LOL
(08:04 / All) Bromeister: LMAO
(08:07 / All) Bromeister: the trees are pissed
(09:05 / All) Bromeister: LOLOL
(09:12 / All) Bromeister: THE TREES
(10:09 / Allies) Bromeister: look
(10:14 / Allies) Bromeister: loyal guards
(10:16 / Allies) DubbwithKP: gj
(10:19 / All) Bromeister: LOL
(10:22 / All) Bromeister: ehh
(10:28 / All) Bromeister: this game is too funy
(10:31 / All) Bromeister: YA
(10:35 / All) Bromeister: they stonning u
(10:36 / All) Bromeister: LOL
(10:40 / All) Bromeister: they throwing rocks at u red
(11:06 / All) Bromeister: dude u do not wanna fuck
(11:08 / All) Bromeister: with the treees k
(11:31 / All) Bromeister: LOL
(11:40 / All) Bromeister: LOLOL
(11:56 / All) Bromeister: LMFAO
(12:03 / All) Bromeister: LOLOL
(12:09 / All) Bromeister: this is golden
(12:30 / All) Bromeister: LOLOL
(12:34 / All) Bromeister: we bout to lose
(12:48 / 4) Bromeister: hey
(12:52 / 4) Bromeister: do exactly what as u are gtodl
(12:53 / 4) Bromeister: dont atatck me
(12:56 / All) Bromeister: dont
(12:59 / All) Bromeister: i will save u win
(12:59 / All) Bromeister: plz
(13:00 / All) Bromeister: dont
(13:01 / All) Bromeister: dude
(13:06 / 4) Bromeister: tp
(13:06 / 4) Bromeister: tp
(13:07 / Allies) DubbwithKP: ??
(13:11 / Allies) Bromeister: tp
(13:11 / Allies) Bromeister: tp
(13:19 / Allies) DubbwithKP: no p
(13:20 / Allies) DubbwithKP: no tp
(13:21 / Allies) DubbwithKP: blue
(13:25 / All) Bromeister: fucking nigier
(13:35 / All) Bromeister: wtf
(13:38 / Allies) DubbwithKP: u good
(13:39 / Allies) DubbwithKP: np
(13:42 / All) Bromeister: u fuckng traitor
(13:44 / All) Bromeister: unigger
(13:45 / All) Bromeister: im pissed
(13:49 / Allies) Bromeister: lets get him
(14:28 / Allies) Bromeister: buy a tp
(14:32 / Allies) DubbwithKP: am
(15:04 / Allies) Bromeister: lol loook atmy fort
(15:12 / Allies) DubbwithKP: gj
(15:17 / Allies) Bromeister: lol
(15:27 / Allies) Bromeister: u crackhead stop sayign that lol
(15:31 / Allies) Bromeister: blue go expo
(15:33 / Allies) Bromeister: PLZ
(15:44 / Allies) Bromeister: mass aa
(15:46 / Allies) Bromeister: like bats...
(15:50 / Allies) DubbwithKP: raider
(15:53 / Allies) Bromeister: yes
(15:56 / Allies) Bromeister: wood me
(15:56 / Allies) Bromeister: now
(15:58 / Allies) Bromeister: or we lose
(16:39 / All) Bromeister: fucker
(16:52 / Allies) Bromeister: wood wtf
(16:54 / Allies) DubbwithKP: hit together
(16:59 / Allies) Bromeister: dudes wood me
(17:07 / Allies) Bromeister: wood or we gona lose
(17:13 / Allies) DubbwithKP: ui did
(17:47 / All) Bromeister: LOL
(17:49 / All) Bromeister: B
(17:50 / All) Bromeister: B
(17:53 / All) Bromeister: BACKTO HELMS DEEPS
(18:01 / Allies) DubbwithKP: fuck im stuck
(18:02 / All) Bromeister: LMFAO
(18:06 / Allies) Bromeister: no u arm
(18:21 / All) Bromeister: bro wtf
(18:23 / All) Bromeister: u raped my ehro
(18:40 / Allies) Bromeister: lol grunt
(18:44 / Allies) Bromeister: dude move it
(18:44 / Allies) nooobs_life: KILL
(18:46 / Allies) Bromeister: no
(19:18 / Allies) Bromeister: wood me wtf
(19:24 / Allies) Bromeister: and gold
(19:27 / Allies) Bromeister: NOW
(19:52 / All) Bromeister: LOL
(20:01 / All) Bromeister: LOOL
(20:03 / Allies) DubbwithKP: its 3v1.............
(20:23 / Allies) DubbwithKP: lets jsut stick together
(20:30 / All) Bromeister: LOL
(20:41 / All) Bromeister: LOL
(20:50 / All) Bromeister: WTF
(20:53 / All) Bromeister: LOL
(20:57 / All) Bromeister: WTF
(21:09 / All) Bromeister: DUDE
(21:21 / Allies) Bromeister: HELP
(21:55 / All) Bromeister: LOL
(22:07 / All) Bromeister: LOL
(22:16 / All) Bromeister: LOL
(22:20 / All) Bromeister: LOL
(22:29 / Allies) DubbwithKP: tyty
(22:35 / All) Bromeister: LMFAO
(22:40 / All) Bromeister: LOL
(22:54 / Allies) Bromeister: GOLD NOW
(22:59 / Allies) Bromeister: OR WE LOSE RED WTF
(23:01 / Allies) Bromeister: U EJW?
(23:04 / Allies) Bromeister: U GUYS JEWISH?
(23:06 / Allies) Bromeister: GOLD NOW
(23:16 / Allies) DubbwithKP: i ahve 200..........
(23:18 / All) Bromeister: gg
(23:20 / All) Bromeister: LOL
(23:27 / Allies) Bromeister: nvm
(23:36 / Allies) Bromeister: meet
(23:38 / Allies) Bromeister: use bats
(23:43 / Allies) Bromeister: to 9/11
(23:48 / Allies) Bromeister: fight
(23:50 / Allies) Bromeister: fihgt hten now
(23:51 / Allies) Bromeister: go fight
(23:52 / Allies) Bromeister: go fight
(23:55 / Allies) Bromeister: attack heroes
(23:58 / Allies) Bromeister: only attac kheroes lol
(24:02 / Allies) Bromeister: FIGHT NOW
(24:38 / All) Bromeister: :P:
(24:41 / All) Bromeister: :L:OL
(24:51 / Allies) Bromeister: gold now
(24:58 / All) Bromeister: LOL
(25:05 / All) Bromeister: LMFAO
(25:07 / All) Bromeister: LOL
(25:18 / All) Bromeister: LOLOLL
(25:32 / Allies) Bromeister: GOLD ME NOW
(25:33 / Allies) Bromeister: OR WE LOSE
(25:47 / Allies) Bromeister: DUDE WTF WAN ALOSE
(26:17 / All) Bromeister: WTF
(26:18 / All) Bromeister: LOL
(26:30 / Allies) Bromeister: WTF LOL
(26:50 / All) Bromeister: WTF LOL
(26:55 / Allies) Bromeister: GOLD ME
(27:00 / Allies) Bromeister: blue
(27:03 / Allies) Bromeister: gold ane and red
(27:08 / Allies) Bromeister: or make tauren shammy
(27:30 / Allies) Bromeister: get mass bats..
(27:41 / Allies) nooobs_life: LET'S END
(27:43 / Allies) Bromeister: k
(27:44 / Allies) Bromeister: go
(27:51 / All) Bromeister: well there it is
(28:01 / All) Bromeister: LOL
(28:30 / All) Bromeister: lol
(28:33 / All) Bromeister: LOL
(28:38 / Allies) DubbwithKP: he did good 3v1...
(28:53 / Allies) Bromeister: gold me
(28:56 / All) 5stacksofnef: gg
(28:59 / Allies) Bromeister: nah
(28:59 / Allies) Bromeister: we win
(29:06 / Allies) Bromeister: LOL WTF